 Dungeon Crawl Stone Soup version 0.20-a0-214-gb74cb0e (webtiles) character file.

98 Gorice the Bolt Thrower (level 5, -1/32 HPs)
             Began as a Kobold Arcane Marksman on Nov 27, 2016.
             Slain by Robin
             ... wielding a +0 spear
              (6 damage)
             ... on level 1 of the Dungeon.
             The game lasted 00:11:27 (2841 turns).

Gorice the Bolt Thrower (Kobold Arcane Marksman)    Turns: 2841, Time: 00:11:27

Health: -1/32      AC:  2    Str: 10    XL:     5   Next: 1%
Magic:  5/6        EV: 20    Int: 14    God:
Gold:   92         SH:  0    Dex: 19    Spells: 5/6 levels left

rFire  . . .     SeeInvis .     a - +0 mace
rCold  . . .     Gourm    .     e - +0 robe
rNeg   . . .     Faith    .     (shield restricted)
rPois  .         Spirit   .     (no helmet)
rElec  .         Reflect  .     (no cloak)
rCorr  .         Harm     .     (no gloves)
MR     .....                    (no boots)
Stlth  +++.......               (no amulet)
                                (no ring)
                                (no ring)

@: agile, very slightly contaminated
A: carnivore 3
a: no special abilities


You were on level 1 of the Dungeon.
You were completely stuffed.

You visited 1 branch of the dungeon, and saw 2 of its levels.

You collected 92 gold pieces.

Inventory:

Hand Weapons
 a - a +0 mace (weapon)
 b - a +0 hand crossbow
 c - a +0 hunting sling
 k - a +0 short sword
Missiles
 d - 11 bolts
 h - 16 sling bullets
 j - 2 poisoned tomahawks (quivered)
 m - 21 poisoned needles
 Z - 84 stones
Armour
 e - a +0 robe (worn)
Scrolls
 n - a scroll of remove curse
Potions
 i - a potion of brilliance {unknown}
Books
 l - a book of Debilitation
Comestibles
 f - 4 meat rations {!e}
 o - a chunk of flesh


   Skills:
 + Level 2.9 Fighting
 * Level 4.8 Crossbows
 - Level 2.4 Dodging
 - Level 1.1 Spellcasting
 - Level 3.0 Hexes


You had 5 spell levels left.
You knew the following spells:

 Your Spells              Type           Power        Failure   Level  Hunger
a - Corona                Hex            #......      10%         1    ##.....


Dungeon Overview and Level Annotations

Branches:
Dungeon (2/15)

Altars:

Annotations:
D:1 Robin


Innate Abilities, Weirdness & Mutations

You are small and have problems with some larger weapons.
You are carnivorous and can eat meat at any time.


Message History

Robin closely misses you.
You completely miss Robin.
Robin is lightly wounded.
Robin misses you. x2
You hit Robin but do no damage.
Robin is lightly wounded.
Robin stops glowing.
Robin hits you with a spear.
Damage: 3 (max 5)
You hit Robin but do no damage.
Robin is lightly wounded.
Robin hits you with a spear.
* * * LOW HITPOINT WARNING * * *
Some of the chunks of flesh in your inventory have rotted away.
Damage: 3 (max 5)
You barely miss Robin.
Robin is lightly wounded.
Robin hits you with a spear.
* * * LOW HITPOINT WARNING * * *
Robin misses you.
Damage: 2 (max 5)
Casting: Corona
Confirm with . or Enter, or press ? or * to list all spells.
Aiming: Corona
Press: ? - help, Shift-Dir - straight line, f/p - Robin
Aim: Robin, wielding a spear, wearing an animal skin and wearing a helmet (lightly wounded, chance to defeat MR: 52%)
You miscast Corona.
You are very lightly contaminated with residual magic.
Your hands glow momentarily.
Robin hits you with a spear.
* * * LOW HITPOINT WARNING * * *
Damage: 6 (max 6)
Casting: Corona
Confirm with . or Enter, or press ? or * to list all spells.
Aiming: Corona
Press: ? - help, Shift-Dir - straight line, f/p - Robin
Aim: Robin, wielding a spear, wearing an animal skin and wearing a helmet (lightly wounded, chance to defeat MR: 52%) Robin struggles to resist.
Robin barely misses you.
Okay, then.
Really quaff
g - a potion of agility {!q}?
You feel agile all of a sudden.
Robin laughs in a distinctly smug fashion.
Robin hits you with a spear.
* * * LOW HITPOINT WARNING * * *
Damage: 3 (max 6) Unknown command.
Robin completely misses you.
You see here a club.
Robin closely misses you.
There is an escape hatch in the floor here.
Robin hits you from afar with a spear.
You die... ########....###.....# .PPP. #............# ♣PP♣P

#............#
.P.P.
#............#
.♣...
#............#
♣...♣
#............#
PP♣..
#............#


♣PPPP #............###### PP.PP #........@....)...# .P♣.P #...........#####.#
.P... #.####.g##### #.# P.PP. #.# #..# #.# P.PPP #.# ##.## #.# P.PP♣ #.# #..#
#.# PP.P. #.# #..## #.# .PPP #.# ##..# #.#### ########.# #).### #....# You could
see Robin.

Vanquished Creatures
  3 adders
  2 worms
  A dart slug (D:2)
  3 leopard geckos
  A ball python (D:1)
  6 bats
  17 goblins
  4 hobgoblins (D:1)
  6 jackals
  A quokka (D:2)
  3 frilled lizards
  3 kobolds
  7 rats
57 creatures vanquished.

Notes
Turn   | Place    | Note
-------+----------+-------------------------------------------
     0 | D:1      | Gorice the Kobold Arcane Marksman began the quest for the Orb.
     0 | D:1      | Reached XP level 1. HP: 12/12 MP: 2/2
    19 | D:1      | Reached XP level 2. HP: 12/17 MP: 3/3
   121 | D:1      | Reached skill level 3 in Crossbows
   282 | D:1      | Reached skill level 2 in Fighting
   464 | D:1      | Reached XP level 3. HP: 21/21 MP: 2/4
  1079 | D:2      | Reached XP level 4. HP: 27/27 MP: 3/5
  1115 | D:2      | HP: 6/27 [goblin/club (3)]
  1117 | D:2      | Reached skill level 4 in Crossbows
  1435 | D:2      | Noticed Robin
  1490 | D:1      | HP: 8/27 [poisoned by an adder]
  1498 | D:1      | HP: 7/27 [poisoned by an adder]
  1804 | D:2      | HP: 7/27 [kobold (2)]
  2352 | D:2      | HP: 7/27 [goblin/club[Robin] (5)]
  2717 | D:1      | Reached XP level 5. HP: 26/32 MP: 4/6
  2829 | D:1      | HP: 7/32 [Robin/spear (6)]
  2841 | D:1      | Slain by Robin

Vault maps used:
D:1:      minmay_arrival_arboretum_small
D:2:      lemuel_round_altar, item_on_display_b, uniq_robin

Skill      XL: |  1  2  3  4 |
---------------+-------------+-----
Crossbows      | 3 4 |  4.8
Fighting       | 2 |  2.9
Dodging        | |  2.4
Spellcasting   | |  1.1
Hexes          | |  3.0

Action                   |  1- 3 |  4- 6 || total
-------------------------+-------+-------++-------
Melee: Mace              |    22 |    93 ||   115
 Fire: Hand crossbow     |    54 |     3 ||    57
       Hunting sling     |       |     4 ||     4
Throw: Tomahawk          |       |     5 ||     5
 Cast: Corona            |    22 |    34 ||    56
  Use: Scroll            |     3 |       ||     3
       Potion            |       |     1 ||     1
  Eat: Chunk             |    10 |     7 ||    17
Armor: Robe              |     7 |    15 ||    22
Dodge: Dodged            |    49 |   118 ||   167

Table legend:
 A = Turns spent in this place as a percentage of turns spent in the entire game.
 B = Non-inter-level travel turns spent in this place as a percentage of non-inter-level travel turns spent in the entire game.
 C = Inter-level travel turns spent in this place as a percentage of turns spent in this place.
 D = Turns resting spent in this place as a percentage of non-inter-level travel turns spent in this place.
 E = Turns spent auto-exploring this place as a percentage of non-inter-level travel turns spent in this place.
 F = Non-inter-level travel turns spent in this place divided by the number of levels of this place that you've seen.
                   A       B       C       D       E      F
               +-------+-------+-------+-------+-------+----------------------
         Total | 100.0 | 100.0 |   0.5 |   4.2 |   4.1 | 425.5
       Dungeon | 100.0 | 100.0 |   0.5 |   4.2 |   4.1 | 425.5
               +-------+-------+-------+-------+-------+----------------------

Vault maps used:
D:1:      minmay_arrival_arboretum_small
D:2:      lemuel_round_altar, item_on_display_b, uniq_robin
